 Dungeon Crawl Stone Soup version 0.30-a0-4-ga7cffc901d (webtiles) character file.

Game seed: 269473094118913799

58 BritishOli the Trooper (level 3, -13/29 HPs)
             Began as a Demonspawn Fighter on Aug 21, 2022.
             Engulfed by a cloud of flame (29 damage)
             ... on level 2 of the Dungeon.
             The game lasted 00:02:49 (2171 turns).

BritishOli the Trooper (Demonspawn Fighter)         Turns: 2171, Time: 00:02:49

Health: -13/29     AC:  6    Str: 18    XL:     3   Next: 76%
Magic:  3/3        EV:  9    Int:  9    God:
Gold:   68         SH:  6    Dex: 12    Spells: 2/2 levels left

rFire   . . .      SeeInvis .    a - +0 long sword
rCold   . . .      Faith    .    p - +2 buckler
rNeg    . . .      Spirit   .    b - +0 scale mail
rPois   .          Reflect  .    (helmet restricted)
rElec   .          Harm     .    (no cloak)
rCorr   .          Rampage  .    (no gloves)
Will    .....                    (no boots)
Stlth   ..........               (no amulet)
HPRegen 0.09/turn                (no ring)
MPRegen 0.08/turn                (no ring)

@: no status effects
A: antennae 1, sturdy frame 1
a: no special abilities


You were on level 2 of the Dungeon.
You visited 1 branch of the dungeon, and saw 2 of its levels.

You collected 68 gold pieces.

Inventory:

Hand Weapons
 a - a +0 long sword (weapon)
Armour
 b - a +0 scale mail (worn)
 c - a +0 buckler
 p - a +2 buckler (worn)
Scrolls
 g - 2 scrolls of enchant weapon {unknown}
 h - 4 scrolls of identify {unknown}
 i - a scroll of fear {unknown}
 j - 2 scrolls of teleportation {unknown}
 m - a scroll of amnesia {unknown}
 n - a scroll of blinking {unknown}
Potions
 d - 2 potions of might
 e - a potion of brilliance {unknown}
 f - a potion of lignification {unknown}
 k - a potion of attraction {unknown}
 l - a potion of curing {unknown}
 o - a potion of ambrosia {unknown}


   Skills:
 + Level 3.5 Fighting
 + Level 2.4 Long Blades
 + Level 3.1 Armour
 + Level 3.1 Shields


You had 2 spell levels left.
You didn't know any spells.
Your spell library contained the following spells:

 Spells                   Type           Power      Damage    Failure   Level
 Confusing Touch          Hex            0%         N/A       97%         3
 Yara's Violent Unravell  Hex/Tmut       0%         3d3       100%        5
 Enfeeble                 Hex            0%         N/A       100%        7


Dungeon Overview and Level Annotations

Branches:
Dungeon (2/15)

Altars:

Shops:
D:2 [


Innate Abilities, Weirdness & Mutations

You have a pair of small antennae on your head.
Your movements are slightly less encumbered by armour. (ER -2)


Message History

You hit the worm but do no damage.
The worm is heavily wounded.
A worm is nearby!
You hit the worm.
The worm is severely wounded.
You block the worm's attack.
A worm is nearby!
You hit the worm.
The worm is almost dead.
The worm bites you!
A worm is nearby!
You slash the worm!
You kill the worm!
Key pressed, stopping explore.
No target in view!
o - an inky potion No target in view!
You see here a +2 buckler.
p - a +2 buckler You start removing your armour.
You continue taking off your +0 buckler. x4
You finish taking off your +0 buckler.
You start putting on your armour.
You continue putting on your +2 buckler. x5
You finish putting on your +2 buckler.
You now have 68 gold pieces (gained 11).
You're in a travel-excluded area, stopping explore.
No target in view!
You're in a travel-excluded area, stopping explore.
No target in view!
You're in a travel-excluded area, stopping explore.
No target in view!
You're in a travel-excluded area, stopping explore.
No target in view!
No target in view!
Really walk into that cloud of flame?
You are engulfed in blazing flames.
You are engulfed in blazing flames.
Ouch! That really hurt!
You die...

#§§ #...# #...
#.☼§# ##.## #...
#.§.# #.# #...
#####...######.#
#...
.§§§.$.$.§§§.#.#
####
..☼☼.$$........#
§...$$.§...#.#
#...######.#
#§☼@# #.# #☼☼§#
#.# #○§§# ##.#
#...#####..#
##........##
##########


There were no monsters in sight!

Vanquished Creatures
  An adder (D:2)
  A worm (D:2)
  A dart slug (D:1)
  5 ball pythons
  8 bats (D:1)
  2 endoplasms
  4 giant cockroaches
  6 goblins (D:1)
  4 hobgoblins
  A kobold (D:1)
  A quokka (D:2)
  A frilled lizard (D:1)
  6 rats (D:1)
41 creatures vanquished.

Vanquished Creatures (others)
  An endoplasm (D:2)
1 creature vanquished.

Grand Total: 42 creatures vanquished

Notes
Turn   | Place    | Note
-------+----------+-------------------------------------------
     0 | D:1      | BritishOli the Demonspawn Fighter began the quest for the
                  | Orb.
     0 | D:1      | Reached XP level 1. HP: 18/18 MP: 1/1
   272 | D:1      | Gained mutation: You have a pair of small antennae on your
                  | head. [demonic ancestry]
   272 | D:1      | Reached XP level 2. HP: 23/24 MP: 2/2
   513 | D:1      | You fall into a shaft and drop 1 floor!
   688 | D:1      | Gained mutation: Your movements are slightly less
                  | encumbered by armour. (ER -2) [demonic ancestry]
   688 | D:1      | Reached XP level 3. HP: 29/29 MP: 3/3
  1220 | D:2      | Found Fitemyh's Antique Armour Shop.
  2171 | D:2      | Engulfed by a cloud of flame

Illustrated notes

Levels and vault maps discovered:
D:1:      dpeg_arrival_subterranean_lakeside_camping, layout_loops_ring
D:2:      layout_basic, serial_shops, nicolae_shop_waterfront,
          hellmonk_ecumenical_altar_run_dry, serial_glass, glass_columns_a,
          glass_columns_a, glass_columns_c, glass_columns_a, grunt_ministairs_7,
          corexii_shack, lemuel_flame_loot_1

Skill      XL: |  1  2 |
---------------+-------+-----
Long Blades    | 2 |  2.4
Armour         | 3 |  3.1
Shields        | 3 |  3.1
Fighting       | |  3.5

Action                   || total
-------------------------++-------
Melee: Long sword        ||   142
Armor: Scale mail        ||   104
Dodge: Dodged            ||    75
Block: Buckler           ||    32

Table legend: (Time is in decaauts)
 A = Elapsed time spent in this place.
 B = Non-inter-level travel time spent in this place.
 C = Inter-level travel time spent in this place.
 D = Time resting spent in this place.
 E = Time spent auto-exploring this place.
 F = Levels seen in this place.
 G = Mean time per level.
                   A        B        C        D        E       F      G
               +--------+--------+--------+--------+--------+-----+--------+
         Total |   2220 |   2110 |    110 |      0 |   1768 |   2 | 1110.0 |
       Dungeon |   2220 |   2110 |    110 |      0 |   1768 |   2 | 1110.0 |
               +--------+--------+--------+--------+--------+-----+--------+

Top non-repeatable levels by time:
     D:1: 1161 daAuts
     D:2: 1059 daAuts
